 Dungeon Crawl Stone Soup version 0.31-a0-182-gc5ef74bbde (webtiles) character file.

Game seed: 1791357144277978663

851 qw the Chopper (level 8, -12/48 HPs)
             Began as a Gargoyle Fighter on June 21, 2023.
             Was an Initiate of Okawaru.
             Mangled by an ogre
             ... wielding a +0 giant club
              (18 damage)
             ... on level 4 of the Dungeon.
             The game lasted 00:02:30 (3689 turns).

qw the Chopper (Gargoyle Fighter)                   Turns: 3689, Time: 00:02:30

Health: -12/48     AC: 14    Str: 21    XL:     8   Next: 1%
Magic:  8/8        EV: 11    Int: 10    God:    Okawaru [......]
Gold:   279        SH:  4    Dex:  9    Spells: 7/7 levels left

rFire   . . .        f - +2 war axe (vamp)
rCold   . . .        c - +0 buckler
rNeg    + + .        k - +0 acid dragon scales
rPois   inf          l - +0 helmet
rElec   +            o - +0 cloak
rCorr   +            (no gloves)
SInv    .            (no boots)
Will    .....        (no amulet)
Stlth   +            m - ring of positive energy
HPRegen 0.28/turn    (no ring)
MPRegen 0.11/turn

%: no passive effects
@: about to teleport
A: sickness immunity, AC +5, negative energy resistance 1, electricity
resistance, torment resistance 1, petrification resistance
a: Renounce Religion


You were on level 4 of the Dungeon.
You worshipped Okawaru.
Okawaru was noncommittal.
You visited 2 branches of the dungeon, and saw 5 of its levels.

You collected 279 gold pieces.


Innate Abilities, Weirdness & Mutations

You are immune to sickness and miasma.
Your stone body is resilient. (AC +5)
You are immune to poison.
You resist negative energy. (rN+)
You are resistant to electric shocks. (rElec)
You are resistant to unholy torment.
You are immune to petrification.


   Skills:
 + Level 4.8 Fighting
 - Level 7.0 Axes
 - Level 2.1 Throwing
 - Level 3.2 Armour
 - Level 1.0 Dodging
 - Level 3.2 Shields


You had 7 spell levels left.
You didn't know any spells.
Your spell library was empty.

Inventory:

Hand Weapons
 b - a +0 flail
 f - a +2 vampiric war axe (weapon)
 Y - a +0 war axe of protection
Missiles
 e - 3 silver boomerangs
 p - 3 javelins (quivered)
Armour
 c - a +0 buckler (worn)
 k - +0 acid dragon scales (worn)
 l - a +0 helmet (worn)
 o - a +0 cloak (worn)
Jewellery
 m - a ring of positive energy (left hand)
Scrolls
 a - 4 scrolls of identify
Potions
 d - 3 potions of might
 g - a potion of magic
 i - 3 potions of curing
 j - a potion of haste
 n - a potion of mutation

Dungeon Overview and Level Annotations

Branches:
Dungeon (4/15)             Temple (1/1) D:4

Altars:
Cheibriados
Dithmenos
Elyvilon
Fedhas
Gozag
Hepliaklqana
Okawaru
Qazlal
Vehumet
Wu Jian
Xom
Yredelemnul
Zin

Annotations:
D:3 2 runed translucent doors


Message History

p - 3 javelins (gained 1)
p - 4 javelins (gained 1) As you open the door, it creaks loudly!
An ogre comes into view. It is wielding a +0 giant club.
You hear a shout! x3
Enter note:
Enter note:
Enter note:
Enter note:
Enter note:
Enter note:
Enter note:
Enter note:
Enter note: You throw a javelin.
The javelin pierces through the ogre!
The ogre is moderately wounded.
You hit the ogre.
The ogre is heavily wounded.
An ogre comes into view. It is wielding a +0 giant spiked club.
The ogre hits you with a +0 giant club!
You barely miss the ogre.
The ogre is heavily wounded.
You hit the ogre.
You feel better.
The ogre is heavily wounded.
The ogre hits you with a +0 giant club.
You hit the ogre but do no damage.
The ogre is heavily wounded.
You hit the ogre.
You feel better.
The ogre hits you with a +0 giant spiked club!
You slash the ogre!
You feel better.
The ogre is almost dead.
You completely miss the ogre. The ogre barely misses you.
The ogre hits you with a +0 giant spiked club!!
Ouch! That really hurt!
3689 ||| READING scroll of teleportation.
As you read the scroll of teleportation, it crumbles to dust.
You feel strangely unstable.
The ogre hits you with a +0 giant club!!
You die...

# ###.....#
..#......# #......#
## #....# # # . ###
#....### #.#.#.##
##....... #(..#..##
###.......#
#.OO..####........##
#@.....%.####..##
#.#....### #..#
######## ##.# #.#
#.. .#


You could see 2 ogres.

Vanquished Creatures
  An ice beast (D:3)
  A necrophage (D:4)
  A water moccasin zombie (D:4)
  2 scorpions (D:4)
  A centaur zombie (D:4)
  2 hounds (D:4)
  A human zombie (D:4)
  A jelly (D:2)
  Natasha (thrice) (D:2)
  A scorpion zombie (D:4)
  3 hound zombies (D:4)
  Robin (D:2)
  7 adders
  A white imp (D:3)
  4 adder zombies (D:4)
  A worm (D:2)
  3 dart slugs
  11 orcs
  12 ball pythons
  8 endoplasms
  4 giant cockroaches
  14 goblins
  14 hobgoblins
  9 jackals
  8 kobolds
  7 quokkas
  4 bats
  4 frilled lizards
  3 rats
132 creatures vanquished.

Notes
Turn   | Place    | Note
-------+----------+-------------------------------------------
     0 | D:1      | qw the Gargoyle Fighter began the quest for the Orb.
     0 | D:1      | Reached XP level 1. HP: 14/14 MP: 1/1
     0 | D:1      | 0 ||| qw: Version: 0.3-a-9-g12657ce
     0 | D:1      | 0 ||| qw: Game counter: 1618
     0 | D:1      | 0 ||| qw: Always use a shield: true
     0 | D:1      | 0 ||| qw: God list: Okawaru
     0 | D:1      | 0 ||| qw: Allow faded altars: false
     0 | D:1      | 0 ||| qw: Do Orc after D:15 true
     0 | D:1      | 0 ||| qw: Do second Lair branch before Depths: true
     0 | D:1      | 0 ||| qw: Lair rune preference: random
     0 | D:1      | 0 ||| qw: Plans: Normal, Zot:1-4, Slime:5, God:TSO, Crypt,
                  | Tomb, Abyss, Pan, Hells, Win
     0 | D:1      | 0 ||| PLANNING D:1-11
    36 | D:1      | Reached skill level 2 in Axes
   183 | D:1      | 183 ||| Stepping ~*~*~tactically~*~*~ (hiding).
   188 | D:1      | Reached XP level 2. HP: 19/19 MP: 2/2
   192 | D:1      | 192 ||| Stepping ~*~*~tactically~*~*~ (hiding).
   351 | D:1      | Reached skill level 3 in Axes
   369 | D:1      | Reached XP level 3. HP: 23/23 MP: 3/3
   576 | D:1      | 576 ||| DROPPING +0 club.
   753 | D:1      | 753 ||| UPGRADING to +0 helmet.
   758 | D:1      | 758 ||| UPGRADING to ring of positive energy.
   759 | D:1      | 759 ||| READING scroll labelled ZYRPHU ZICIGHO.
   760 | D:1      | 760 ||| READING scroll labelled DIQOSK GIETS.
   761 | D:1      | 761 ||| READING scroll labelled AMY NEPAKI CUI.
  1034 | D:2      | Reached skill level 4 in Axes
  1034 | D:2      | Reached XP level 4. HP: 26/28 MP: 4/4
  1077 | D:2      | Noticed Natasha
  1078 | D:2      | 1078 ||| Stepping ~*~*~tactically~*~*~ (hiding).
  1083 | D:2      | Killed Natasha
  1102 | D:2      | Noticed Natasha
  1103 | D:2      | 1103 ||| Stepping ~*~*~tactically~*~*~ (stealth).
  1104 | D:2      | 1104 ||| Stepping ~*~*~tactically~*~*~ (stealth).
  1119 | D:2      | 1119 ||| Stepping ~*~*~tactically~*~*~ (stealth).
  1207 | D:2      | Reached XP level 5. HP: 29/32 MP: 5/5
  1227 | D:2      | 1227 ||| Stepping ~*~*~tactically~*~*~ (stealth).
  1237 | D:2      | 1237 ||| DROPPING +1 whip of draining.
  1238 | D:2      | 1238 ||| DROPPING +0 whip.
  1276 | D:2      | HP: 8/32 [cerulean imp/+1 spear[Natasha] (3)]
  1278 | D:2      | Killed Natasha
  1392 | D:2      | 1392 ||| Stepping ~*~*~tactically~*~*~ (stealth).
  1396 | D:2      | Reached skill level 5 in Axes
  1611 | D:2      | Noticed Natasha
  1624 | D:2      | Killed Natasha
  1741 | D:2      | Noticed Robin
  1748 | D:2      | HP: 8/33 [hobgoblin[Robin] (2)]
  1749 | D:2      | 1749 ||| DRINKING 2 potions of heal wounds.
  1752 | D:2      | 1752 ||| DRINKING potion of heal wounds.
  1754 | D:2      | Killed Robin
  1755 | D:2      | Reached XP level 6. HP: 38/38 MP: 6/6
  1757 | D:2      | Reached skill level 1 in Dodging
  1814 | D:2      | Found a faded altar of an unknown god.
  1814 | D:2      | Noticed a hellwing
  1913 | D:2      | 1913 ||| Stepping ~*~*~tactically~*~*~ (stealth).
  1940 | D:2      | 1940 ||| READING 2 scrolls labelled HURIBO XIAD.
  1941 | D:2      | 1941 ||| READING scroll labelled NEYMPY PEMAEXABU.
  1942 | D:2      | 1942 ||| READING scroll labelled XOTUDO LALILUXT.
  1946 | D:2      | 1946 ||| READING scroll labelled CIUTEUMOVO.
  1947 | D:2      | 1947 ||| READING 2 scrolls labelled KAUSIR VIAHASH.
  1948 | D:2      | 1948 ||| READING scroll labelled HIPUHU YSHROCH.
  1949 | D:2      | 1949 ||| READING 5 scrolls of identify.
  1949 | D:2      | 1949 ||| IDENTIFYING coppery potion
  1950 | D:2      | 1950 ||| READING 4 scrolls of identify.
  1950 | D:2      | 1950 ||| IDENTIFYING bubbling green potion
  1951 | D:2      | 1951 ||| READING 3 scrolls of identify.
  1951 | D:2      | 1951 ||| IDENTIFYING metallic inky potion
  1952 | D:2      | 1952 ||| DROPPING scroll of revelation.
  1953 | D:2      | 1953 ||| DROPPING scroll of fog.
  2021 | D:3      | 2021 ||| Stepping ~*~*~tactically~*~*~ (hiding).
  2024 | D:3      | 2024 ||| Stepping ~*~*~tactically~*~*~ (hiding).
  2054 | D:3      | Found a large runed translucent door.
  2055 | D:3      | Found a large runed translucent door.
  2175 | D:3      | Found an opulent altar of Gozag.
  2217 | D:3      | Noticed an ice beast
  2242 | D:3      | Killed an ice beast
  2513 | D:3      | 2513 ||| UPGRADING to +0 acid dragon scales.
  2523 | D:3      | 2523 ||| DROPPING +0 scale mail.
  2524 | D:3      | 2524 ||| READING scroll labelled VESYXT OMYHOM.
  2525 | D:3      | 2525 ||| READING scroll labelled YREADO LUDECHO.
  2599 | D:4      | 2599 ||| DROPPING +0 mace.
  2821 | D:4      | 2821 ||| Stepping ~*~*~tactically~*~*~ (stealth).
  2825 | D:4      | 2825 ||| Stepping ~*~*~tactically~*~*~ (stealth).
  2858 | D:4      | 2858 ||| SWAPPING to +2 vampiric war axe.
  2877 | D:4      | 2877 ||| Stepping ~*~*~tactically~*~*~ (stealth).
  2883 | D:4      | 2883 ||| Stepping ~*~*~tactically~*~*~ (stealth).
  3054 | D:4      | Reached XP level 7. HP: 43/43 MP: 7/7
  3128 | D:4      | Reached skill level 6 in Axes
  3207 | D:4      | Found a staircase to the Ecumenical Temple.
  3208 | D:4      | 3208 ||| PLANNING TEMPLE
  3208 | D:4      | 3208 ||| UPGRADING to +0 cloak.
  3220 | Temple   | Entered the Ecumenical Temple
  3234 | Temple   | 3234 ||| PLANNING OKAWARU WORSHIP
  3271 | Temple   | Became a worshipper of Warmaster Okawaru
  3272 | Temple   | 3272 ||| PLANNING D:1-11
  3442 | D:4      | Reached skill level 7 in Axes
  3455 | D:4      | Found a basalt altar of Yredelemnul.
  3667 | D:4      | Reached XP level 8. HP: 48/48 MP: 8/8
  3688 | D:4      | HP: 6/48 [ogre/+0 giant spiked club (25)]
  3689 | D:4      | 3689 ||| READING scroll of teleportation.
  3689 | D:4      | Mangled by an ogre

Levels and vault maps discovered:
D:1:      amcnicky_arrival_choice, layout_basic
D:2:      minmay_thinvault, layout_rooms,
          dreamdust_ecumenical_altar_sealed_demon, uniq_robin, uniq_natasha
D:3:      layout_rooms, marbit_many_paths, jmf_multi_god_temple2
D:4:      layout_layer_cave, lemuel_mausoleum_altar_yredelemnul,
          minmay_temple_entry_enclosed_plants, hangedman_minor_gate_pass
Temple:   hellmonk_temple_of_storms

Skill      XL: |  1  2  3  4  5  6  7 |
---------------+----------------------+-----
Axes           | 2 3 4 5 7 |  7.0
Fighting       | 4 |  4.8
Dodging        | 1 |  1.0
Throwing       | 2 |  2.1
Armour         | |  3.2
Shields        | |  3.2

Action                     |  1- 3 |  4- 6 |  7- 9 || total
---------------------------+-------+-------+-------++-------
  Melee: War axe           |    99 |   232 |   108 ||   439
  Throw: Javelin           |       |    15 |    11 ||    26
         Boomerang         |       |    11 |       ||    11
    Use: Scroll            |     3 |    11 |     1 ||    15
         Potion            |       |     2 |       ||     2
 Armour: Scale mail        |    49 |   139 |       ||   188
         Acid dragon scale |       |    16 |    49 ||    65
  Dodge: Dodged            |    44 |   100 |    50 ||   194
  Block: Buckler           |    11 |    47 |    15 ||    73

Table legend:
 A = Non-vault XP
 B = Vault XP
 C = Vault XP percentage of total XP
 D = Non-vault monster count
 E = Vault monster count
 F = Vault count percentage of total count
                 A         B        C        D         E       F
            +---------+---------+-------+---------+---------+-------
      Total |     635 |     582 |  47.8 |      90 |      42 |  31.8
            +---------+---------+-------+---------+---------+-------
        D:1 |      47 |       0 |   0.0 |      25 |       0 |   0.0
        D:2 |     171 |     119 |  41.0 |      27 |      26 |  49.1
        D:3 |     187 |       2 |   1.1 |      20 |       1 |   4.8
        D:4 |     230 |     461 |  66.7 |      18 |      15 |  45.5
            +---------+---------+-------+---------+---------+-------
